Canadiens vs Red Wings (R1)

Created - 8 septembre 2014 at 19:17

Simulating a Pre-Season

Goals
1 2 3 T
Canadiens 0 0 2 2
Red Wings 1 0 2 3
Shots
1 2 3 T
Canadiens 9 5 11 25
Red Wings 14 9 9 32

1st period

1. Red Wings , Mike Brown 1 (Shea Weber, Paul Martin) at 7:10

Penalties :
Ryan Callahan (Mon) for Interference (Minor) at 8:37, Martin Havlat (Det) for Roughing (Minor) at 8:43, T.J. Fast (Mon) for Roughing (Minor) at 13:16

2nd period

No Goal

Penalties :
Martin Havlat (Det) for Holding (Minor) at 0:22, Shea Weber (Det) for Hooking (Minor) at 5:31, T.J. Fast (Mon) for Interference (Minor) at 7:53, Shawn Horcoff (Det) for Roughing (Minor) at 11:12, Saku Koivu (Mon) for Hooking (Minor) at 12:39, Martin Havlat (Det) for Hooking (Minor) at 17:47

3rd period

2. Red Wings , Teemu Selanne 1 (Shea Weber, Martin Havlat) at 2:47
3. Canadiens , Patrick Marleau 1 (Mike Ribeiro) at 3:51 (PP)
4. Red Wings , Jason Spezza 1 (Maxim Kondratiev, Jonathan Quick) at 5:21
5. Canadiens , Mike York 1 (Saku Koivu) at 11:56

Penalties :
Jason Spezza (Det) for Diving (Minor) at 3:36, Brandon Prust (Mon) for Hooking (Minor) at 6:48, Martin Havlat (Det) for High sticking (Double Minor) at 12:15, Cody Franson (Mon) for Hooking (Minor) at 17:53

Goalie Stats

Miika Kiprusoff (Mon), 29 saves from 32 shots - (0,906), L, 0-1-0, 60:00 minutes
Jonathan Quick (Det), 23 saves from 25 shots - (0,920), W, 1-0-0, 60:00 minutes

Players Stats for Canadiens

Player Name              G  A  P  +/- PIM S  H  SB GA TA FO     MP     PP MP  PK MP  
------------------------------------------------------------------------------------
Brandon Prust            0  0  0  -2  2   0  2  2  1  0  0/0     8:01   0:30   0:38 
Cody Franson             0  0  0   0  2   0  1  0  0  1  0/0    10:20   1:32   0:00 
Dennis Wideman           0  0  0  -1  0   5  2  0  2  0  0/0    28:31   5:31   6:25 
Devin Setoguchi          0  0  0   1  0   1  1  0  0  1  0/2    15:23   5:49   0:00 
Jamie Lundmark           0  0  0  -2  0   0  0  0  0  0  1/1     6:23   0:00   0:43 
Jeff Woywitka            0  0  0  -1  0   3  1  2  1  2  0/0    28:45   5:45   6:25 
Josh Gorges              0  0  0  -1  0   1  1  1  0  3  0/0    21:15   4:41   3:04 
Marek Svatos             0  0  0   0  0   1  2  1  0  0  0/0    10:09   0:52   0:00 
Matt Carle               0  0  0  -1  0   0  0  0  0  3  0/0    20:50   4:41   3:04 
Michel Ouellet           0  0  0  -2  0   0  0  1  1  0  0/0     5:55   0:00   0:00 
Mike Ribeiro             0  1  1  -1  0   5  1  0  0  0  15/29  23:47   5:58   5:17 
Mike York                1  0  1   1  0   2  1  0  1  1  0/0    18:33   4:54   3:09 
Patrick Marleau          1  0  1  -1  0   5  3  1  1  1  4/13   23:40   5:58   5:00 
Pierre-Luc Létourneau    0  0  0   0  0   0  2  0  0  0  0/0    10:23   0:37   0:00 
Pierre-Marc Bouchard     0  0  0   0  0   0  0  0  1  0  0/1    10:20   0:40   0:00 
Ryan Callahan            0  0  0  -1  2   0  4  1  0  1  1/3    17:25   5:00   1:48 
Saku Koivu               0  1  1   1  2   2  0  0  0  0  7/12   17:46   4:53   2:23 
T.J. Fast                0  0  0   0  4   0  1  2  0  0  0/0    10:34   1:18   0:00 

Players Stats for Red Wings

Player Name              G  A  P  +/- PIM S  H  SB GA TA FO     MP     PP MP  PK MP  
------------------------------------------------------------------------------------
Brian Sutherby           0  0  0   2  0   1  1  0  0  0  2/2     8:04   0:03   3:27 
Christian Laflamme       0  0  0   0  0   0  0  1  0  0  0/0    12:33   0:00   1:20 
Jason Spezza             1  0  1  -1  2   5  2  1  0  1  21/36  23:55   4:29   4:25 
Lee Stempniak            0  0  0   0  0   0  1  0  0  0  1/3    12:40   0:03   4:19 
Martin Havlat            0  1  1  -1  10  3  2  0  0  1  1/2    19:15   4:38   1:05 
Maxim Kondratiev         0  1  1   0  0   0  0  1  0  0  0/0    20:17   3:43   4:46 
Michal Grosek            0  0  0   2  0   0  0  0  0  0  0/0     8:39   0:00   4:10 
Mike Brown               1  0  1   2  0   1  0  0  1  0  0/0     4:19   0:00   0:00 
Mike Richards            0  0  0   1  0   4  0  0  1  1  8/13   15:45   4:45   0:04 
Ossi Vaananen            0  0  0   0  0   1  2  0  1  0  0/0    12:23   0:00   1:11 
Paul Martin              0  1  1   2  0   0  0  2  0  0  0/0    27:20   5:46   5:47 
Richard Jackman          0  0  0   0  0   2  1  1  1  1  0/0    20:17   3:43   4:46 
Rick Nash                0  0  0  -1  0   3  4  1  4  0  0/2    21:25   4:41   1:54 
Robert Dome              0  0  0   0  0   0  1  0  2  0  0/0     8:36   0:00   0:24 
Sean Bergenheim          0  0  0   1  0   4  2  1  2  2  0/0    17:33   4:45   2:01 
Shawn Horcoff            0  0  0   0  2   3  1  1  0  1  0/3    10:32   0:17   1:39 
Shea Weber               0  2  2   2  2   1  1  0  0  1  0/0    27:10   5:46   5:38 
Teemu Selanne            1  0  1   1  0   4  0  0  1  0  0/0    15:01   4:45   0:00 

3 Stars

1 - Mike Brown (Det)
2 - Mike York (Mon)
3 - Teemu Selanne (Det)

Power Play

Canadiens - 1 on 8 Attempt(s) - 12,50%
Red Wings - 0 on 6 Attempt(s) - 0,00%

Penalty Kill

Canadiens - 6 on 6 Attempt(s) - 100,00% - Score 0 goal in Penalty Kill
Red Wings - 7 on 8 Attempt(s) - 87,50% - Score 0 goal in Penalty Kill

Official

Referees : Walkom Stephen and McCreary Bill
Linesman : Steve Miller and Mark Wheler

Game Notes

No Game Note

Canadiens

5 vs 5 Forward 
   Center                   Left Wing                Right Wing               Time % Phy DF OF 
 1 Mike Ribeiro             Patrick Marleau          Ryan Callahan            40     1   2  2  
 2 Saku Koivu               Mike York                Devin Setoguchi          30     1   2  2  
 3 Pierre-Marc Bouchard     Pierre-Luc Létourneau    Marek Svatos             20     1   2  2  
 4 Jamie Lundmark           Brandon Prust            Michel Ouellet           10     1   2  2  

5 vs 5 Defense 
   Defense                  Defense                                           Time % Phy DF OF 
 1 Jeff Woywitka            Dennis Wideman                                    40     1   2  2  
 2 Josh Gorges              Matt Carle                                        30     1   2  2  
 3 Cody Franson             T.J. Fast                                         20     1   2  2  
 4 Jeff Woywitka            Dennis Wideman                                    10     1   2  2  

PowerPlay Forward 
   Center                   Left Wing                Right Wing               Time % Phy DF OF 
 1 Mike Ribeiro             Patrick Marleau          Devin Setoguchi          60     1   2  2  
 2 Saku Koivu               Mike York                Ryan Callahan            40     1   2  2  

PowerPlay Defense
   Defense                  Defense                                           Time % Phy DF OF 
 1 Jeff Woywitka            Dennis Wideman                                    60     1   2  2  
 2 Josh Gorges              Matt Carle                                        40     1   2  2  

Penalty Kill 4 Players Forward 
   Center                   Wing                     Time % Phy DF OF 
 1 Patrick Marleau          Mike Ribeiro             60     1   2  2  
 2 Saku Koivu               Mike York                40     1   2  2  

Penalty Kill 4 Players Defense
   Defense                  Defense                  Time % Phy DF OF 
 1 Jeff Woywitka            Dennis Wideman           60     1   2  2  
 2 Josh Gorges              Matt Carle               40     1   2  2  

Penalty Kill - 3 Players Forward 
   Forward                                           Time % Phy DF OF 
 1 Patrick Marleau                                   60     1   2  2  
 2 Mike Ribeiro                                      40     1   2  2  

Penalty Kill - 3 Players Defense
   Defense                  Defense                  Time % Phy DF OF 
 1 Jeff Woywitka            Dennis Wideman           60     1   2  2  
 2 Josh Gorges              Matt Carle               40     1   2  2  

4 vs 4 Forward 
   Center                   Wing                     Time % Phy DF OF 
 1 Patrick Marleau          Mike Ribeiro             60     1   2  2  
 2 Saku Koivu               Mike York                40     1   2  2  

4 vs 4 Defense
   Defense                  Defense                  Time % Phy DF OF 
 1 Jeff Woywitka            Dennis Wideman           60     1   2  2  
 2 Josh Gorges              Matt Carle               40     1   2  2  

Last Minutes Offensive
   Center                   Left Wing                Right Wing               Defense                  Defense                  
   Mike Ribeiro             Patrick Marleau          Marek Svatos             Jeff Woywitka            Dennis Wideman           

Last Minutes Defensive
   Center                   Left Wing                Right Wing               Defense                  Defense                  
   Mike Ribeiro             Patrick Marleau          Marek Svatos             Jeff Woywitka            Dennis Wideman           

Goaltenders
Starting : Miika Kiprusoff          
Backup : Jaroslav Halak           

Extra Forwards
Normal : Pierre-Marc Bouchard, Pierre-Luc Létourneau, Ryan Callahan - PP : Pierre-Marc Bouchard, Pierre-Luc Létourneau - PK : Ryan Callahan
Extra Defensemen
Normal : Cody Franson, T.J. Fast, Josh Gorges - PP : Cody Franson - PK : T.J. Fast, Josh Gorges
Penalty Shots
Patrick Marleau, Mike Ribeiro, Saku Koivu, Mike York, Marek Svatos

Red Wings

5 vs 5 Forward 
   Center                   Left Wing                Right Wing               Time % Phy DF OF 
 1 Jason Spezza             Rick Nash                Martin Havlat            40     1   2  2  
 2 Mike Richards            Sean Bergenheim          Teemu Selanne            30     1   2  2  
 3 Shawn Horcoff            Robert Dome              Lee Stempniak            20     1   2  2  
 4 Brian Sutherby           Michal Grosek            Mike Brown               10     1   2  2  

5 vs 5 Defense 
   Defense                  Defense                                           Time % Phy DF OF 
 1 Shea Weber               Paul Martin                                       40     1   2  2  
 2 Richard Jackman          Maxim Kondratiev                                  30     1   2  2  
 3 Christian Laflamme       Ossi Vaananen                                     30     1   2  2  
 4 Ossi Vaananen            Richard Jackman                                   0      1   2  2  

PowerPlay Forward 
   Center                   Left Wing                Right Wing               Time % Phy DF OF 
 1 Jason Spezza             Rick Nash                Martin Havlat            60     1   2  2  
 2 Mike Richards            Sean Bergenheim          Teemu Selanne            40     1   2  2  

PowerPlay Defense
   Defense                  Defense                                           Time % Phy DF OF 
 1 Shea Weber               Paul Martin                                       60     1   2  2  
 2 Richard Jackman          Maxim Kondratiev                                  40     1   2  2  

Penalty Kill 4 Players Forward 
   Center                   Wing                     Time % Phy DF OF 
 1 Jason Spezza             Martin Havlat            60     1   2  2  
 2 Shawn Horcoff            Sean Bergenheim          40     1   2  2  

Penalty Kill 4 Players Defense
   Defense                  Defense                  Time % Phy DF OF 
 1 Shea Weber               Paul Martin              60     1   2  2  
 2 Richard Jackman          Maxim Kondratiev         40     1   2  2  

Penalty Kill - 3 Players Forward 
   Forward                                           Time % Phy DF OF 
 1 Jason Spezza                                      60     1   2  2  
 2 Shawn Horcoff                                     40     1   2  2  

Penalty Kill - 3 Players Defense
   Defense                  Defense                  Time % Phy DF OF 
 1 Shea Weber               Paul Martin              60     1   2  2  
 2 Richard Jackman          Maxim Kondratiev         40     1   2  2  

4 vs 4 Forward 
   Center                   Wing                     Time % Phy DF OF 
 1 Jason Spezza             Rick Nash                60     1   2  2  
 2 Mike Richards            Sean Bergenheim          40     1   2  2  

4 vs 4 Defense
   Defense                  Defense                  Time % Phy DF OF 
 1 Shea Weber               Paul Martin              60     1   2  2  
 2 Richard Jackman          Maxim Kondratiev         40     1   2  2  

Last Minutes Offensive
   Center                   Left Wing                Right Wing               Defense                  Defense                  
   Jason Spezza             Rick Nash                Martin Havlat            Shea Weber               Paul Martin              

Last Minutes Defensive
   Center                   Left Wing                Right Wing               Defense                  Defense                  
   Jason Spezza             Rick Nash                Martin Havlat            Shea Weber               Paul Martin              

Goaltenders
Starting : Jonathan Quick           
Backup : Scott Clemmensen         

Extra Forwards
Normal : Shawn Horcoff, Brian Sutherby, Lee Stempniak - PP : Shawn Horcoff, Brian Sutherby - PK : Lee Stempniak
Extra Defensemen
Normal : Christian Laflamme, Ossi Vaananen, Richard Jackman - PP : Ossi Vaananen - PK : Christian Laflamme, Maxim Kondratiev
Penalty Shots
Jason Spezza, Rick Nash, Mike Richards, Martin Havlat, Sean Bergenheim

% Time on Ice - Canadiens

Lines # - Real PCT - Wanted PCT - Time Play
Normal Forward
1 - 31% - 40% - 11:09
2 - 30% - 30% - 10:49
3 - 25% - 20% - 8:55
4 - 15% - 10% - 5:29
Normal Defense
1 - 43% - 40% - 15:40
2 - 32% - 30% - 11:47
3 - 23% - 20% - 8:19
4 - 2% - 10% - 0:36
PP Forward
1 - 56% - 60% - 6:31
2 - 44% - 40% - 5:13
PP Defense
1 - 55% - 60% - 6:27
2 - 45% - 40% - 5:17
PK Forward
1 - 67% - 60% - 6:20
2 - 33% - 40% - 3:09
PK Defense
1 - 68% - 60% - 6:25
2 - 32% - 40% - 3:04
PK3 Forward
1 - 0% - 60%
2 - 0% - 40%
PK3 Defense
1 - 0% - 60%
2 - 0% - 40%
44 Forward
1 - 79% - 60% - 1:55
2 - 21% - 40% - 0:30
44 Defense
1 - 46% - 60% - 1:07
2 - 54% - 40% - 1:18
Last Minute Offensive  - 0:00
Last Minute Defensive  - 0:00
Total
Forward - 60:00
Defense - 60:00

% Time on Ice - Red Wings

Lines # - Real PCT - Wanted PCT - Time Play
Normal Forward
1 - 37% - 40% - 13:36
2 - 28% - 30% - 10:16
3 - 23% - 20% - 8:11
4 - 12% - 10% - 4:19
Normal Defense
1 - 39% - 40% - 14:03
2 - 31% - 30% - 11:07
3 - 31% - 30% - 11:12
4 - 0% - 0% - 0:00
PP Forward
1 - 50% - 60% - 4:44
2 - 50% - 40% - 4:45
PP Defense
1 - 61% - 60% - 5:46
2 - 39% - 40% - 3:43
PK Forward
1 - 80% - 60% - 9:20
2 - 20% - 40% - 2:24
PK Defense
1 - 54% - 60% - 6:19
2 - 46% - 40% - 5:25
PK3 Forward
1 - 0% - 60%
2 - 0% - 40%
PK3 Defense
1 - 0% - 60%
2 - 0% - 40%
44 Forward
1 - 79% - 60% - 1:54
2 - 21% - 40% - 0:31
44 Defense
1 - 72% - 60% - 1:44
2 - 28% - 40% - 0:41
Last Minute Offensive  - 0:00
Last Minute Defensive  - 0:00
Total
Forward - 60:00
Defense - 60:00

Play by Play

1st period


0:01 of 1st period - Jason Spezza wins face-off versus Mike Ribeiro in neutral zone.
0:14 of 1st period - Wrist shot by Mike Ribeiro.
0:14 of 1st period - Shot Blocked by Jason Spezza.
0:16 of 1st period - Slapshot by Jeff Woywitka.
0:16 of 1st period - Deflect By Martin Havlat.
0:16 of 1st period - Stopped by Jonathan Quick without a rebound.
0:17 of 1st period - Mike Richards wins face-off versus Devin Setoguchi in Red Wings zone.
0:17 of 1st period - Mike Richards is hit by Mike York.
0:25 of 1st period - Snap shot by Teemu Selanne.
0:25 of 1st period - Stopped by Miika Kiprusoff with a rebound.
0:33 of 1st period - Sean Bergenheim is hit by Josh Gorges and loses puck.
1:07 of 1st period - Slapshot by Rick Nash.
1:07 of 1st period - Stopped by Miika Kiprusoff with a rebound.
1:09 of 1st period - Slapshot by Christian Laflamme.
1:09 of 1st period - Shot Blocked by Ryan Callahan.
1:47 of 1st period - Wrist shot by Saku Koivu.
1:47 of 1st period - Deflect By Mike York.
1:47 of 1st period - Stopped by Jonathan Quick without a rebound.
1:48 of 1st period - Mike Richards wins face-off versus Devin Setoguchi in Red Wings zone.
1:55 of 1st period - Wrist shot by Sean Bergenheim.
1:55 of 1st period - Shot Misses the Net.
2:59 of 1st period - Snap shot by Saku Koivu.
2:59 of 1st period - Stopped by Jonathan Quick with a rebound.
3:01 of 1st period - Slapshot by Dennis Wideman.
3:01 of 1st period - Stopped by Jonathan Quick with a rebound.
3:29 of 1st period - Snap shot by Mike Richards.
3:29 of 1st period - Stopped by Miika Kiprusoff with a rebound.
3:35 of 1st period - Snap shot by Devin Setoguchi.
3:35 of 1st period - Stopped by Jonathan Quick with a rebound.
3:45 of 1st period - Backhand shot by Saku Koivu.
3:45 of 1st period - Stopped by Jonathan Quick without a rebound.
3:46 of 1st period - Jason Spezza wins face-off versus Mike Ribeiro in Red Wings zone.
4:11 of 1st period - Marek Svatos is hit by Lee Stempniak.
4:54 of 1st period - Icing by Richard Jackman.
4:55 of 1st period - Mike Ribeiro wins face-off versus Lee Stempniak in Red Wings zone.
5:08 of 1st period - Wrist shot by Mike Ribeiro.
5:08 of 1st period - Stopped by Jonathan Quick with a rebound.
5:38 of 1st period - Wrist shot by Shawn Horcoff.
5:38 of 1st period - Stopped by Miika Kiprusoff with a rebound.
6:06 of 1st period - Slapshot by Robert Dome.
6:06 of 1st period - Shot Blocked by T.J. Fast.
6:12 of 1st period - Snap shot by Shawn Horcoff.
6:12 of 1st period - Shot Misses the Net.
6:34 of 1st period - Wrist shot by Shawn Horcoff.
6:34 of 1st period - Deflect By Cody Franson.
6:34 of 1st period - Stopped by Miika Kiprusoff without a rebound.
6:35 of 1st period - Mike Ribeiro wins face-off versus Martin Havlat in Canadiens zone.
7:01 of 1st period - Michel Ouellet is hit by Ossi Vaananen and loses puck.
7:06 of 1st period - Slapshot by Paul Martin.
7:06 of 1st period - Shot Blocked by Jeff Woywitka.
7:08 of 1st period - Slapshot by Shea Weber.
7:08 of 1st period - Shot Misses the Net.
7:10 of 1st period - Wrist shot by Mike Brown.
7:10 of 1st period - Goal by Mike Brown - Canadiens : 0 - Red Wings : 1.
7:11 of 1st period - Jason Spezza wins face-off versus Mike Ribeiro in neutral zone.
7:14 of 1st period - Snap shot by Rick Nash.
7:14 of 1st period - Shot Blocked by Josh Gorges.
7:36 of 1st period - Devin Setoguchi is hit by Brian Sutherby and loses puck.
7:43 of 1st period - Slapshot by Matt Carle.
7:43 of 1st period - Shot Misses the Net.
8:01 of 1st period - Snap shot by Mike Richards.
8:01 of 1st period - Shot Misses the Net.
8:03 of 1st period - Slapshot by Sean Bergenheim.
8:03 of 1st period - Shot Blocked by Jeff Woywitka.
8:05 of 1st period - Slapshot by Christian Laflamme.
8:05 of 1st period - Shot Blocked by Marek Svatos.
8:15 of 1st period - Snap shot by Mike Ribeiro.
8:15 of 1st period - Stopped by Jonathan Quick without a rebound.
8:16 of 1st period - Mike Ribeiro wins face-off versus Rick Nash in Red Wings zone.
8:21 of 1st period - Snap shot by Patrick Marleau.
8:21 of 1st period - Shot Blocked by Paul Martin.
8:37 of 1st period - Minor Penalty to Ryan Callahan for Interference.
8:38 of 1st period - Patrick Marleau wins face-off versus Jason Spezza in Canadiens zone.
8:43 of 1st period - Minor Penalty to Martin Havlat for Roughing.
8:44 of 1st period - Patrick Marleau wins face-off versus Jason Spezza in Red Wings zone.
8:49 of 1st period - Wrist shot by Patrick Marleau.
8:49 of 1st period - Stopped by Jonathan Quick without a rebound.
8:50 of 1st period - Jason Spezza wins face-off versus Mike Ribeiro in Red Wings zone.
9:35 of 1st period - Snap shot by Sean Bergenheim.
9:35 of 1st period - Stopped by Miika Kiprusoff with a rebound.
10:37 of 1st period - Penalty to Ryan Callahan is over, Ryan Callahan is back on ice.
10:38 of 1st period - Paul Martin is hit by Ryan Callahan and loses puck.
10:43 of 1st period - Penalty to Martin Havlat is over, Martin Havlat is back on ice.
10:48 of 1st period - Icing by Mike Ribeiro.
10:49 of 1st period - Brian Sutherby wins face-off versus Patrick Marleau in Canadiens zone.
10:50 of 1st period - Snap shot by Mike Brown.
10:50 of 1st period - Shot Blocked by Patrick Marleau.
12:36 of 1st period - Teemu Selanne is hit by Dennis Wideman and loses puck.
12:56 of 1st period - Snap shot by Rick Nash.
12:56 of 1st period - Shot Blocked by Michel Ouellet.
12:58 of 1st period - Slapshot by Jason Spezza.
12:58 of 1st period - Shot Blocked by Brandon Prust.
13:00 of 1st period - Wrist shot by Martin Havlat.
13:00 of 1st period - Stopped by Miika Kiprusoff without a rebound.
13:01 of 1st period - Mike Ribeiro wins face-off versus Mike Richards in Canadiens zone.
13:14 of 1st period - Snap shot by Mike Richards.
13:14 of 1st period - Stopped by Miika Kiprusoff with a rebound.
13:16 of 1st period - Minor Penalty to T.J. Fast for Roughing.
13:17 of 1st period - Mike Ribeiro wins face-off versus Jason Spezza in Canadiens zone.
13:58 of 1st period - Snap shot by Sean Bergenheim.
13:58 of 1st period - Stopped by Miika Kiprusoff with a rebound.
15:00 of 1st period - Matt Carle is hit by Sean Bergenheim and loses puck.
15:16 of 1st period - Penalty to T.J. Fast is over, T.J. Fast is back on ice.
16:09 of 1st period - Michel Ouellet is hit by Richard Jackman and loses puck.
17:03 of 1st period - Brandon Prust is hit by Rick Nash and loses puck.
18:14 of 1st period - Sean Bergenheim is hit by Ryan Callahan and loses puck.
18:48 of 1st period - Rick Nash is hit by Marek Svatos and loses puck.
19:13 of 1st period - Slapshot by Jason Spezza.
19:13 of 1st period - Stopped by Miika Kiprusoff with a rebound.
19:15 of 1st period - Snap shot by Jason Spezza.
19:15 of 1st period - Shot Misses the Net.
19:41 of 1st period - Wrist shot by Martin Havlat.
19:41 of 1st period - Stopped by Miika Kiprusoff with a rebound.
19:43 of 1st period - Wrist shot by Martin Havlat.
19:43 of 1st period - Shot Misses the Net.
19:45 of 1st period - Slapshot by Richard Jackman.
19:45 of 1st period - Stopped by Miika Kiprusoff with a rebound.
19:47 of 1st period - Wrist shot by Martin Havlat.
19:47 of 1st period - Shot Blocked by Brandon Prust.
19:55 of 1st period - Snap shot by Rick Nash.
19:55 of 1st period - Stopped by Miika Kiprusoff without a rebound.
19:56 of 1st period - Mike Richards wins face-off versus Mike Ribeiro in Canadiens zone.
Goals for this period are 0 for Canadiens vs 1 for Red Wings.
Shots for this period are 9 for Canadiens vs 14 for Red Wings.

2nd period


0:01 of 2nd period - Jason Spezza wins face-off versus Ryan Callahan in neutral zone.
0:04 of 2nd period - Slapshot by Paul Martin.
0:04 of 2nd period - Deflect By Martin Havlat.
0:04 of 2nd period - Stopped by Miika Kiprusoff with a rebound.
0:10 of 2nd period - Wrist shot by Dennis Wideman.
0:10 of 2nd period - Stopped by Jonathan Quick with a rebound.
0:12 of 2nd period - Snap shot by Ryan Callahan.
0:12 of 2nd period - Shot Misses the Net.
0:14 of 2nd period - Wrist shot by Patrick Marleau.
0:14 of 2nd period - Shot Misses the Net.
0:16 of 2nd period - Slapshot by Mike Ribeiro.
0:16 of 2nd period - Stopped by Jonathan Quick with a rebound.
0:22 of 2nd period - Minor Penalty to Martin Havlat for Holding.
0:23 of 2nd period - Mike Ribeiro wins face-off versus Jason Spezza in Red Wings zone.
2:22 of 2nd period - Penalty to Martin Havlat is over, Martin Havlat is back on ice.
2:29 of 2nd period - Icing by Michal Grosek.
2:30 of 2nd period - Mike Richards wins face-off versus Pierre-Marc Bouchard in Red Wings zone.
2:30 of 2nd period - Mike Richards is hit by Cody Franson.
3:00 of 2nd period - Snap shot by Robert Dome.
3:00 of 2nd period - Shot Misses the Net.
3:20 of 2nd period - Snap shot by Jason Spezza.
3:20 of 2nd period - Stopped by Miika Kiprusoff without a rebound.
3:21 of 2nd period - Martin Havlat wins face-off versus Mike Ribeiro in Canadiens zone.
3:48 of 2nd period - Martin Havlat is hit by Marek Svatos and loses puck.
4:05 of 2nd period - Pierre-Luc Létourneau is hit by Martin Havlat and loses puck.
5:31 of 2nd period - Minor Penalty to Shea Weber for Hooking.
5:32 of 2nd period - Mike Ribeiro wins face-off versus Shawn Horcoff in Red Wings zone.
5:34 of 2nd period - Snap shot by Devin Setoguchi.
5:34 of 2nd period - Shot Blocked by Shawn Horcoff.
5:40 of 2nd period - Snap shot by Richard Jackman.
5:40 of 2nd period - Shot Misses the Net.
5:48 of 2nd period - Slapshot by Shawn Horcoff.
5:48 of 2nd period - Stopped by Miika Kiprusoff with a rebound.
7:31 of 2nd period - Penalty to Shea Weber is over, Shea Weber is back on ice.
7:34 of 2nd period - Icing by Robert Dome.
7:35 of 2nd period - Jamie Lundmark wins face-off versus Mike Richards in Red Wings zone.
7:42 of 2nd period - Teemu Selanne is hit by Brandon Prust and loses puck.
7:53 of 2nd period - Minor Penalty to T.J. Fast for Interference.
7:54 of 2nd period - Mike Richards wins face-off versus Patrick Marleau in Canadiens zone.
7:55 of 2nd period - Wrist shot by Sean Bergenheim.
7:55 of 2nd period - Stopped by Miika Kiprusoff without a rebound.
7:56 of 2nd period - Mike Richards wins face-off versus Patrick Marleau in Canadiens zone.
8:31 of 2nd period - Slapshot by Mike Richards.
8:31 of 2nd period - Stopped by Miika Kiprusoff with a rebound.
8:33 of 2nd period - Snap shot by Teemu Selanne.
8:33 of 2nd period - Stopped by Miika Kiprusoff without a rebound.
8:34 of 2nd period - Jason Spezza wins face-off versus Patrick Marleau in Canadiens zone.
9:07 of 2nd period - Icing by Richard Jackman.
9:08 of 2nd period - Patrick Marleau wins face-off versus Mike Richards in Red Wings zone.
9:28 of 2nd period - Off-side.
9:29 of 2nd period - Saku Koivu wins face-off versus Jason Spezza in neutral zone.
9:53 of 2nd period - Penalty to T.J. Fast is over, T.J. Fast is back on ice.
9:54 of 2nd period - Rick Nash is hit by Patrick Marleau and loses puck.
10:13 of 2nd period - Mike Ribeiro is hit by Rick Nash.
10:23 of 2nd period - Backhand shot by Patrick Marleau.
10:23 of 2nd period - Deflect By Mike Ribeiro.
10:23 of 2nd period - Shot Misses the Net.
10:23 of 2nd period - Puck is out of play.
10:24 of 2nd period - Saku Koivu wins face-off versus Mike Richards in Red Wings zone.
10:25 of 2nd period - Slapshot by Mike York.
10:25 of 2nd period - Shot Blocked by Sean Bergenheim.
10:57 of 2nd period - Jeff Woywitka is hit by Ossi Vaananen and loses puck.
11:00 of 2nd period - Wrist shot by Pierre-Marc Bouchard.
11:00 of 2nd period - Shot Blocked by Christian Laflamme.
11:12 of 2nd period - Minor Penalty to Shawn Horcoff for Roughing.
11:13 of 2nd period - Mike Ribeiro wins face-off versus Jason Spezza in Red Wings zone.
11:14 of 2nd period - Wrist shot by Patrick Marleau.
11:14 of 2nd period - Deflect By Shea Weber.
11:14 of 2nd period - Shot Misses the Net.
11:14 of 2nd period - Puck is out of play.
11:15 of 2nd period - Jason Spezza wins face-off versus Mike Ribeiro in Red Wings zone.
11:44 of 2nd period - Paul Martin is hit by Ryan Callahan.
12:39 of 2nd period - Minor Penalty to Saku Koivu for Hooking.
12:40 of 2nd period - Jason Spezza wins face-off versus Patrick Marleau in Canadiens zone.
12:45 of 2nd period - Wrist shot by Rick Nash.
12:45 of 2nd period - Shot Misses the Net.
12:47 of 2nd period - Slapshot by Jason Spezza.
12:47 of 2nd period - Stopped by Miika Kiprusoff without a rebound.
12:48 of 2nd period - Jason Spezza wins face-off versus Patrick Marleau in Canadiens zone.
13:12 of 2nd period - Penalty to Shawn Horcoff is over, Shawn Horcoff is back on ice.
14:39 of 2nd period - Penalty to Saku Koivu is over, Saku Koivu is back on ice.
14:56 of 2nd period - Mike Brown is hit by Pierre-Luc Létourneau.
15:30 of 2nd period - Off-side.
15:31 of 2nd period - Jason Spezza wins face-off versus Saku Koivu in neutral zone.
15:51 of 2nd period - Icing by Martin Havlat.
15:52 of 2nd period - Mike Ribeiro wins face-off versus Jason Spezza in Red Wings zone.
16:01 of 2nd period - Patrick Marleau is hit by Rick Nash and loses puck.
16:06 of 2nd period - Wrist shot by Jason Spezza.
16:06 of 2nd period - Stopped by Miika Kiprusoff with a rebound.
16:08 of 2nd period - Snap shot by Ossi Vaananen.
16:08 of 2nd period - Stopped by Miika Kiprusoff without a rebound.
16:09 of 2nd period - Mike Richards wins face-off versus Saku Koivu in Canadiens zone.
16:34 of 2nd period - Lee Stempniak is hit by Patrick Marleau and loses puck.
16:47 of 2nd period - Wrist shot by Patrick Marleau.
16:47 of 2nd period - Stopped by Jonathan Quick without a rebound.
16:48 of 2nd period - Mike Ribeiro wins face-off versus Rick Nash in Red Wings zone.
17:01 of 2nd period - Wrist shot by Ryan Callahan.
17:01 of 2nd period - Shot Misses the Net.
17:19 of 2nd period - Mike York is hit by Sean Bergenheim.
17:41 of 2nd period - Snap shot by Jeff Woywitka.
17:41 of 2nd period - Deflect By Mike Richards.
17:41 of 2nd period - Stopped by Jonathan Quick with a rebound.
17:43 of 2nd period - Slapshot by Jeff Woywitka.
17:43 of 2nd period - Deflect By Sean Bergenheim.
17:43 of 2nd period - Stopped by Jonathan Quick without a rebound.
17:44 of 2nd period - Jason Spezza wins face-off versus Patrick Marleau in Red Wings zone.
17:44 of 2nd period - Jason Spezza is hit by Dennis Wideman.
17:47 of 2nd period - Minor Penalty to Martin Havlat for Hooking.
17:48 of 2nd period - Jason Spezza wins face-off versus Mike Ribeiro in Red Wings zone.
18:00 of 2nd period - Jason Spezza is hit by Jeff Woywitka and loses puck.
19:30 of 2nd period - Rick Nash is hit by Devin Setoguchi and loses puck.
19:47 of 2nd period - Penalty to Martin Havlat is over, Martin Havlat is back on ice.
Goals for this period are 0 for Canadiens vs 0 for Red Wings.
Shots for this period are 5 for Canadiens vs 9 for Red Wings.

3rd period


0:01 of 3rd period - Mike Ribeiro wins face-off versus Jason Spezza in neutral zone.
0:56 of 3rd period - Snap shot by Marek Svatos.
0:56 of 3rd period - Stopped by Jonathan Quick without a rebound.
0:57 of 3rd period - Jason Spezza wins face-off versus Mike Ribeiro in Red Wings zone.
1:08 of 3rd period - Snap shot by Mike Ribeiro.
1:08 of 3rd period - Shot Misses the Net.
1:10 of 3rd period - Snap shot by Dennis Wideman.
1:10 of 3rd period - Shot Blocked by Maxim Kondratiev.
1:12 of 3rd period - Slapshot by Mike Ribeiro.
1:12 of 3rd period - Shot Blocked by Rick Nash.
1:47 of 3rd period - Wrist shot by Pierre-Marc Bouchard.
1:47 of 3rd period - Shot Misses the Net.
1:50 of 3rd period - Icing by Christian Laflamme.
1:51 of 3rd period - Mike Ribeiro wins face-off versus Shawn Horcoff in Red Wings zone.
2:15 of 3rd period - Off-side.
2:16 of 3rd period - Jason Spezza wins face-off versus Saku Koivu in neutral zone.
2:19 of 3rd period - Snap shot by Shea Weber.
2:19 of 3rd period - Deflect By Jeff Woywitka.
2:19 of 3rd period - Stopped by Miika Kiprusoff with a rebound.
2:47 of 3rd period - Slapshot by Teemu Selanne.
2:47 of 3rd period - Goal by Teemu Selanne - Canadiens : 0 - Red Wings : 2.
2:48 of 3rd period - Jason Spezza wins face-off versus Mike Ribeiro in neutral zone.
2:55 of 3rd period - Jeff Woywitka is hit by Jason Spezza and loses puck.
3:21 of 3rd period - Off-side.
3:22 of 3rd period - Saku Koivu wins face-off versus Jason Spezza in neutral zone.
3:31 of 3rd period - Slapshot by Saku Koivu.
3:31 of 3rd period - Shot Misses the Net.
3:33 of 3rd period - Snap shot by Josh Gorges.
3:33 of 3rd period - Deflect By Martin Havlat.
3:33 of 3rd period - Stopped by Jonathan Quick without a rebound.
3:34 of 3rd period - Jason Spezza wins face-off versus Mike Ribeiro in Red Wings zone.
3:36 of 3rd period - Minor Penalty to Jason Spezza for Diving.
3:37 of 3rd period - Lee Stempniak wins face-off versus Mike Ribeiro in Red Wings zone.
3:47 of 3rd period - Snap shot by Dennis Wideman.
3:47 of 3rd period - Stopped by Jonathan Quick with a rebound.
3:49 of 3rd period - Snap shot by Patrick Marleau.
3:49 of 3rd period - Stopped by Jonathan Quick without a rebound.
3:50 of 3rd period - Mike Ribeiro wins face-off versus Lee Stempniak in Red Wings zone.
3:51 of 3rd period - Snap shot by Patrick Marleau.
3:51 of 3rd period - Goal by Patrick Marleau - Canadiens : 1 - Red Wings : 2.
3:52 of 3rd period - Jason Spezza wins face-off versus Ryan Callahan in neutral zone.
4:04 of 3rd period - Wrist shot by Patrick Marleau.
4:04 of 3rd period - Shot Misses the Net.
4:24 of 3rd period - Wrist shot by Sean Bergenheim.
4:24 of 3rd period - Stopped by Miika Kiprusoff with a rebound.
4:26 of 3rd period - Wrist shot by Teemu Selanne.
4:26 of 3rd period - Stopped by Miika Kiprusoff with a rebound.
5:05 of 3rd period - Slapshot by Patrick Marleau.
5:05 of 3rd period - Stopped by Jonathan Quick with a rebound.
5:21 of 3rd period - Snap shot by Jason Spezza.
5:21 of 3rd period - Goal by Jason Spezza - Canadiens : 1 - Red Wings : 3.
5:22 of 3rd period - Mike Ribeiro wins face-off versus Jason Spezza in neutral zone.
5:58 of 3rd period - Snap shot by Mike Richards.
5:58 of 3rd period - Stopped by Miika Kiprusoff with a rebound.
6:18 of 3rd period - Wrist shot by Lee Stempniak.
6:18 of 3rd period - Shot Misses the Net.
6:34 of 3rd period - Slapshot by Brian Sutherby.
6:34 of 3rd period - Stopped by Miika Kiprusoff with a rebound.
6:48 of 3rd period - Minor Penalty to Brandon Prust for Hooking.
6:49 of 3rd period - Patrick Marleau wins face-off versus Jason Spezza in Canadiens zone.
6:54 of 3rd period - Jason Spezza is hit by Mike Ribeiro and loses puck.
7:01 of 3rd period - Mike Ribeiro is hit by Rick Nash.
7:18 of 3rd period - Icing by Teemu Selanne.
7:19 of 3rd period - Mike Richards wins face-off versus Patrick Marleau in Red Wings zone.
7:43 of 3rd period - Off-side.
7:44 of 3rd period - Saku Koivu wins face-off versus Jason Spezza in neutral zone.
8:48 of 3rd period - Penalty to Brandon Prust is over, Brandon Prust is back on ice.
9:02 of 3rd period - Off-side.
9:03 of 3rd period - Brian Sutherby wins face-off versus Saku Koivu in neutral zone.
9:30 of 3rd period - Christian Laflamme is hit by T.J. Fast.
9:40 of 3rd period - Wrist shot by Rick Nash.
9:40 of 3rd period - Stopped by Miika Kiprusoff with a rebound.
9:42 of 3rd period - Slapshot by Richard Jackman.
9:42 of 3rd period - Shot Blocked by T.J. Fast.
10:21 of 3rd period - Slapshot by Richard Jackman.
10:21 of 3rd period - Stopped by Miika Kiprusoff without a rebound.
10:22 of 3rd period - Jason Spezza wins face-off versus Mike Ribeiro in Canadiens zone.
10:47 of 3rd period - Ryan Callahan is hit by Shawn Horcoff and loses puck.
10:54 of 3rd period - Josh Gorges is hit by Robert Dome and loses puck.
11:19 of 3rd period - Backhand shot by Mike Ribeiro.
11:19 of 3rd period - Stopped by Jonathan Quick with a rebound.
11:21 of 3rd period - Slapshot by T.J. Fast.
11:21 of 3rd period - Shot Misses the Net.
11:23 of 3rd period - Slapshot by Dennis Wideman.
11:23 of 3rd period - Stopped by Jonathan Quick without a rebound.
11:24 of 3rd period - Saku Koivu wins face-off versus Jason Spezza in Red Wings zone.
11:34 of 3rd period - Icing by Devin Setoguchi.
11:35 of 3rd period - Jason Spezza wins face-off versus Saku Koivu in Canadiens zone.
11:54 of 3rd period - Wrist shot by Saku Koivu.
11:54 of 3rd period - Shot Blocked by Richard Jackman.
11:56 of 3rd period - Slapshot by Mike York.
11:56 of 3rd period - Goal by Mike York - Canadiens : 2 - Red Wings : 3.
11:57 of 3rd period - Ryan Callahan wins face-off versus Jason Spezza in neutral zone.
12:02 of 3rd period - Backhand shot by Patrick Marleau.
12:02 of 3rd period - Shot Misses the Net.
12:08 of 3rd period - Wrist shot by Mike Ribeiro.
12:08 of 3rd period - Stopped by Jonathan Quick with a rebound.
12:10 of 3rd period - Snap shot by Dennis Wideman.
12:10 of 3rd period - Stopped by Jonathan Quick without a rebound.
12:11 of 3rd period - Mike Ribeiro wins face-off versus Jason Spezza in Red Wings zone.
12:15 of 3rd period - Double Minor Penalty to Martin Havlat for High sticking.
12:16 of 3rd period - Jason Spezza wins face-off versus Mike Ribeiro in Red Wings zone.
12:25 of 3rd period - Wrist shot by Mike Ribeiro.
12:25 of 3rd period - Shot Blocked by Paul Martin.
12:41 of 3rd period - Lee Stempniak is hit by Ryan Callahan and loses puck.
13:26 of 3rd period - Richard Jackman is hit by Patrick Marleau and loses puck.
15:23 of 3rd period - Jason Spezza is hit by Pierre-Luc Létourneau and loses puck.
16:15 of 3rd period - Penalty to Martin Havlat is over, Martin Havlat is back on ice.
17:15 of 3rd period - Lee Stempniak is hit by Brandon Prust and loses puck.
17:26 of 3rd period - Jeff Woywitka is hit by Martin Havlat and loses puck.
17:45 of 3rd period - Jeff Woywitka is hit by Shea Weber and loses puck.
17:52 of 3rd period - Snap shot by Michal Grosek.
17:52 of 3rd period - Deflect By Mike Brown.
17:52 of 3rd period - Shot Misses the Net.
17:52 of 3rd period - Puck is out of play.
17:53 of 3rd period - Saku Koivu wins face-off versus Shawn Horcoff in Canadiens zone.
17:53 of 3rd period - Minor Penalty to Cody Franson for Hooking.
17:54 of 3rd period - Jason Spezza wins face-off versus Patrick Marleau in Canadiens zone.
17:57 of 3rd period - Wrist shot by Martin Havlat.
17:57 of 3rd period - Shot Misses the Net.
19:14 of 3rd period - Jeff Woywitka is hit by Jason Spezza and loses puck.
19:41 of 3rd period - Off-side.
19:42 of 3rd period - Kirk Muller call a timeout for Canadiens.
19:42 of 3rd period - Saku Koivu wins face-off versus Mike Richards in neutral zone.
19:53 of 3rd period - Penalty to Cody Franson is over, Cody Franson is back on ice.
Goals for this period are 2 for Canadiens vs 2 for Red Wings.
Shots for this period are 11 for Canadiens vs 9 for Red Wings.


Output by the SimonT Hockey Simulator (STHS) for François Prévost -- Original Page W3C XHTML 1.0 Valid
Hockey Simulator - Hockey Simulation - Hockey Manager